TOP OF THE 1ST |
Richland Rails batting - Pitching for Casper Ghosts : LHP José Castaneda
|
Pitching: LHP José Castaneda
|
|
Batting: LHB Valentín Salas
|
0-0: Called Strike 0-1: Ball 1-1: Called Strike 1-2: Ball 2-2: Ball 3-2: Base on Balls
|
Batting: RHB Bernardo Cruz
|
0-0: Called Strike 0-1: Foul Ball, location: 2F 0-2: Foul Ball, location: 2F 0-2: Ball 1-2: SINGLE (Groundball, 3D) Valentín Salas to second Runner from 2nd tries for 3rd, SAFE, throw made to third Bernardo Cruz to second
|
Batting: RHB Tiaki Kunani
|
0-0: Called Strike 0-1: Foul Ball, location: 2F 0-2: Ball 1-2: Ball 2-2: SINGLE (Flyball, 8RS) Valentín Salas scores Bernardo Cruz to third
|
Batting: RHB Miguel Vidro
|
0-0: Ball 1-0: SINGLE (Groundball, 34D) Bernardo Cruz scores Tiaki Kunani to second Throwing error, E9 Tiaki Kunani scores Miguel Vidro to second
|
Batting: RHB Alexis Smeddon
|
0-0: Ball 1-0: Ball 2-0: Ball 3-0: Base on Balls
|
Batting: RHB Ramón Cruz
|
0-0: Swinging Strike 0-1: Grounds into double play, 4-6-3 (Groundball, 4) Miguel Vidro to third
|
Batting: RHB Ken Watkins
|
0-0: Ball 1-0: Ball 2-0: Called Strike 2-1: Called Strike 2-2: Ball 3-2: Fly out, F6 (Popup, 56D)
|
Top of the 1st over - 3 run(s), 3 hit(s), 1 error(s), 1 left on base; Richland 3 - Casper 0 |
BOTTOM OF THE 1ST |
Casper Ghosts batting - Pitching for Richland Rails : RHP Jim Unknown
|
Pitching: RHP Jim Unknown
|
|
Batting: RHB Warner Robinson
|
0-0: Ball 1-0: Ball 2-0: Ball 3-0: Called Strike 3-1: Base on Balls
|
Batting: SHB Erjan Kerstens
|
0-0: Ball 1-0: Foul Ball, location: 2F 1-1: Swinging Strike 1-2: Ball 2-2: Foul Ball, location: 2F 2-2: Foul Ball, location: 2F 2-2: DOUBLE (Line Drive, 7LS) Warner Robinson to third
|
Batting: RHB Juan García
|
0-0: Called Strike 0-1: Ball 1-1: Fly out, F7 (Flyball, 78M) Throwing error, E7 Warner Robinson scores Erjan Kerstens to third
|
Batting: LHB Terry Johnson
|
0-0: Ball 1-0: Ground out U3 (Groundball, 3)
|
Batting: RHB Dave Young
|
0-0: Foul Ball, location: 2F 0-1: Called Strike 0-2: Fly out, F9 (Flyball, 9M)
|
Bottom of the 1st over - 1 run(s), 1 hit(s), 1 error(s), 1 left on base; Richland 3 - Casper 1 |
TOP OF THE 2ND |
Richland Rails batting - Pitching for Casper Ghosts : LHP José Castaneda
|
Pitching: RHP Ethan Martin
|
|
Batting: RHB Juan Martínez
|
0-0: Ball 1-0: Ball 2-0: Foul Ball, location: 2F 2-1: Foul Ball, location: 2F 2-2: Foul Ball, location: 2F 2-2: Ball 3-2: Ground out 6-3 (Groundball, 6)
|
Batting: RHB Andrew Hall
|
0-0: Called Strike 0-1: Ground out 5-3 (Groundball, 56S)
|
Batting: LHB Valentín Salas
|
0-0: SINGLE (Line Drive, 34D)
|
Batting: RHB Bernardo Cruz
|
0-0: Called Strike 0-1: Foul Ball, location: 2F 0-2: Ball 1-2: Ball Wild Pitch! Valentín Salas to second 2-2: Strikes out swinging
|
Top of the 2nd over - 0 run(s), 1 hit(s), 0 error(s), 1 left on base; Richland 3 - Casper 1 |
BOTTOM OF THE 2ND |
Casper Ghosts batting - Pitching for Richland Rails : RHP Jim Unknown
|
Batting: LHB Jim Unknown
|
0-0: Called Strike 0-1: Fly out, F8 (Flyball, 8LXD)
|
Batting: RHB Francisco Torres
|
0-0: Swinging Strike 0-1: Ball 1-1: Ground out U3 (Groundball, 3L)
|
Batting: SHB José Juárez
|
0-0: Hit by Pitch
|
Batting: RHB Austin Henderson
|
0-0: Called Strike 0-1: Foul Ball, location: 2F 0-2: Ball 1-2: Foul Ball, location: 2F 1-2: Ball 2-2: Ball 3-2: Fly out, F4 (Line Drive, 4M)
|
Bottom of the 2nd over - 0 run(s), 0 hit(s), 0 error(s), 1 left on base; Richland 3 - Casper 1 |
TOP OF THE 3RD |
Richland Rails batting - Pitching for Casper Ghosts : RHP Ethan Martin
|
Batting: RHB Tiaki Kunani
|
0-0: Ball 1-0: Called Strike 1-1: Ball 2-1: Swinging Strike 2-2: Ball 3-2: SINGLE (Flyball, 89M)
|
Batting: RHB Miguel Vidro
|
0-0: Called Strike 0-1: Fly out, F8 (Popup, 8RS)
|
Batting: RHB Alexis Smeddon
|
0-0: Ball 1-0: Foul Ball, location: 2F 1-1: Ball 2-1: Fielders Choice at 2nd, 4-6 (Groundball, 4M)
|
Batting: RHB Ramón Cruz
|
0-0: Ball 1-0: Ball 2-0: Ground out 4-3 (Groundball, 34)
|
Top of the 3rd over - 0 run(s), 1 hit(s), 0 error(s), 1 left on base; Richland 3 - Casper 1 |
BOTTOM OF THE 3RD |
Casper Ghosts batting - Pitching for Richland Rails : RHP Jim Unknown
|
Batting: RHB Warner Robinson
|
0-0: Called Strike 0-1: Ball 1-1: Foul Ball, location: 2F 1-2: Foul Ball, location: 2F 1-2: Ball 2-2: Strikes out looking
|
Batting: SHB Erjan Kerstens
|
0-0: SINGLE (Line Drive, 7LS)
|
Batting: RHB Juan García
|
0-0: Ball 1-0: Called Strike 1-1: SINGLE (Line Drive, 7S) Erjan Kerstens to second
|
Batting: LHB Terry Johnson
|
0-0: Ball 1-0: Fly out, F5 (Popup, 56S)
|
Batting: RHB Dave Young
|
0-0: Called Strike 0-1: 3-RUN HOME RUN (Flyball, 7D), Distance : 382 ft
|
Batting: LHB Jim Unknown
|
0-0: Called Strike 0-1: Ball 1-1: Ball 2-1: Ball 3-1: Called Strike 3-2: SINGLE (Line Drive, 4M)
|
Batting: RHB Francisco Torres
|
0-0: Called Strike Jim Unknown steals 2nd base 0-1: Called Strike 0-2: Ground out 6-3 (Groundball, 6M)
|
Bottom of the 3rd over - 3 run(s), 4 hit(s), 0 error(s), 1 left on base; Richland 3 - Casper 4 |
TOP OF THE 4TH |
Richland Rails batting - Pitching for Casper Ghosts : RHP Ethan Martin
|
Batting: RHB Ken Watkins
|
0-0: Ball 1-0: Fly out, F8 (Flyball, 8LM)
|
Batting: RHB Juan Martínez
|
0-0: Fly out, F9 (Flyball, 9LM)
|
Batting: RHB Andrew Hall
|
0-0: Foul Ball, location: 2F 0-1: Ball 1-1: Ball 2-1: Ball 3-1: Fly out, F3 (Popup, 3)
|
Top of the 4th over - 0 run(s), 0 hit(s), 0 error(s), 0 left on base; Richland 3 - Casper 4 |
BOTTOM OF THE 4TH |
Casper Ghosts batting - Pitching for Richland Rails : RHP Jim Unknown
|
Batting: SHB José Juárez
|
0-0: Swinging Strike 0-1: Fly out, F4 (Popup, 4D)
|
Batting: RHB Austin Henderson
|
0-0: Ball 1-0: Foul Ball, location: 2F 1-1: Ball 2-1: Ground out 2-3 (Groundball, 23)
|
Batting: RHB Warner Robinson
|
0-0: Ball 1-0: Ball 2-0: Ball 3-0: Swinging Strike 3-1: Foul Ball, location: 2F 3-2: Foul Ball, location: 2F 3-2: Strikes out swinging
|
Bottom of the 4th over - 0 run(s), 0 hit(s), 0 error(s), 0 left on base; Richland 3 - Casper 4 |
TOP OF THE 5TH |
Richland Rails batting - Pitching for Casper Ghosts : RHP Ethan Martin
|
Batting: LHB Valentín Salas
|
0-0: Called Strike 0-1: Foul Ball, location: 2F 0-2: Ball 1-2: Ground out 5-3 (Groundball, 5)
|
Batting: RHB Bernardo Cruz
|
0-0: Swinging Strike 0-1: Ball 1-1: Ball 2-1: SINGLE (Line Drive, 9S)
|
Batting: RHB Tiaki Kunani
|
0-0: Ball 1-0: Called Strike 1-1: Ball 2-1: Swinging Strike 2-2: Grounds into double play, 5-4-3 (Groundball, 5)
|
Top of the 5th over - 0 run(s), 1 hit(s), 0 error(s), 0 left on base; Richland 3 - Casper 4 |
BOTTOM OF THE 5TH |
Casper Ghosts batting - Pitching for Richland Rails : RHP Jim Unknown
|
Batting: SHB Erjan Kerstens
|
0-0: Hit by Pitch
|
Pinch Runner at 1st Phil Baker:
|
|
Batting: RHB Juan García
|
0-0: Called Strike 0-1: Ball 1-1: Ball 2-1: Ball 3-1: Base on Balls Phil Baker to second
|
Batting: LHB Terry Johnson
|
0-0: Swinging Strike 0-1: Fly out, F7 (Flyball, 7M)
|
Batting: RHB Dave Young
|
0-0: Grounds into double play, 5-4-3 (Groundball, 5)
|
Bottom of the 5th over - 0 run(s), 0 hit(s), 0 error(s), 1 left on base; Richland 3 - Casper 4 |
TOP OF THE 6TH |
Richland Rails batting - Pitching for Casper Ghosts : RHP Ethan Martin
|
Now at C: Phil Baker
|
|
Batting: RHB Miguel Vidro
|
0-0: Ball 1-0: Ground out 4-3 (Groundball, 34S)
|
Batting: RHB Alexis Smeddon
|
0-0: Foul Ball, location: 2F 0-1: Swinging Strike 0-2: Ground out 5-3 (Groundball, 56)
|
Batting: RHB Ramón Cruz
|
0-0: Ball 1-0: Foul Ball, location: 2F 1-1: Ball 2-1: SINGLE (Groundball, 4D)
|
Batting: RHB Ken Watkins
|
0-0: Called Strike 0-1: Ball 1-1: Foul Ball, location: 2F 1-2: SINGLE (Line Drive, 4MD) Ramón Cruz to second
|
Batting: RHB Juan Martínez
|
0-0: Ball 1-0: Called Strike 1-1: Called Strike 1-2: Ball 2-2: Foul Ball, location: 2F 2-2: Foul Ball, location: 2F 2-2: Ball 3-2: Foul Ball, location: 2F 3-2: Foul Ball, location: 2F 3-2: Base on Balls Ramón Cruz to third Ken Watkins to second
|
Batting: RHB Andrew Hall
|
0-0: Ground out 6-3 (Groundball, 56)
|
Top of the 6th over - 0 run(s), 2 hit(s), 0 error(s), 3 left on base; Richland 3 - Casper 4 |
BOTTOM OF THE 6TH |
Casper Ghosts batting - Pitching for Richland Rails : RHP Jim Unknown
|
Batting: LHB Jim Unknown
|
0-0: Ball 1-0: SINGLE (Groundball, 4M)
|
Batting: RHB Francisco Torres
|
0-0: Called Strike 0-1: Ball 1-1: Bunt missed! 1-2: Foul Ball, location: 2F 1-2: Ground out 5-3 (Groundball, 5) Jim Unknown to second
|
Batting: SHB José Juárez
|
0-0: Intentional Walk
|
Batting: RHB Austin Henderson
|
0-0: Ball 1-0: Called Strike Jim Unknown is caught stealing 3rd base José Juárez to second 1-1: Called Strike 1-2: SINGLE (Line Drive, 89S) José Juárez to third Runner from 3rd tries for Home, SAFE, no throw or cutoff
|
Pitching: RHP Tim Gordon
|
|
Batting: RHB Warner Robinson
|
0-0: Ball 1-0: Called Strike 1-1: Fly out, F9 (Line Drive, 9M)
|
Bottom of the 6th over - 1 run(s), 2 hit(s), 0 error(s), 1 left on base; Richland 3 - Casper 5 |
TOP OF THE 7TH |
Richland Rails batting - Pitching for Casper Ghosts : RHP Ethan Martin
|
Batting: LHB Valentín Salas
|
0-0: Swinging Strike 0-1: Ball 1-1: Ball 2-1: Ground out 1-3 (Groundball, 25)
|
Batting: RHB Bernardo Cruz
|
0-0: Ball 1-0: Ball 2-0: Ball 3-0: Base on Balls
|
Batting: RHB Tiaki Kunani
|
0-0: Ball Bernardo Cruz is caught stealing 2nd base 1-0: SINGLE (Flyball, 8LS)
|
Batting: RHB Miguel Vidro
|
0-0: Called Strike 0-1: Fly out, F8 (Flyball, 8RD)
|
Top of the 7th over - 0 run(s), 1 hit(s), 0 error(s), 1 left on base; Richland 3 - Casper 5 |
BOTTOM OF THE 7TH |
Casper Ghosts batting - Pitching for Richland Rails : RHP Tim Gordon
|
Batting: RHB Phil Baker
|
0-0: Foul Ball, location: 2F 0-1: Ball 1-1: Fly out, F5 (Popup, 5SF)
|
Batting: RHB Juan García
|
0-0: Foul Ball, location: 2F 0-1: Ball 1-1: Ball 2-1: Called Strike 2-2: Foul Ball, location: 2F 2-2: Ball 3-2: Foul Ball, location: 2F 3-2: Ground out 5-3 (Groundball, 56S)
|
Batting: LHB Terry Johnson
|
0-0: Called Strike 0-1: Fly out, F8 (Line Drive, 8RM)
|
Bottom of the 7th over - 0 run(s), 0 hit(s), 0 error(s), 0 left on base; Richland 3 - Casper 5 |
TOP OF THE 8TH |
Richland Rails batting - Pitching for Casper Ghosts : RHP Ethan Martin
|
Batting: RHB Alexis Smeddon
|
0-0: Ball 1-0: Called Strike 1-1: Foul Ball, location: 2F 1-2: SINGLE (Flyball, 6MD)
|
Pitching: RHP Jim Unknown
|
|
Batting: RHB Ramón Cruz
|
0-0: Called Strike 0-1: Swinging Strike 0-2: Ball 1-2: Strikes out swinging
|
Batting: RHB Ken Watkins
|
0-0: Ball 1-0: Called Strike 1-1: Ball 2-1: Ball 3-1: Grounds out, U3 (Groundball, 3L)
|
Batting: RHB Juan Martínez
|
0-0: Called Strike 0-1: Fly out, F7 (Line Drive, 7M)
|
Top of the 8th over - 0 run(s), 1 hit(s), 0 error(s), 1 left on base; Richland 3 - Casper 5 |
BOTTOM OF THE 8TH |
Casper Ghosts batting - Pitching for Richland Rails : RHP Tim Gordon
|
Batting: RHB Dave Young
|
0-0: SINGLE (Groundball, 6)
|
Batting: LHB Jim Unknown
|
0-0: Bunted foul 0-1: Bunt missed! 0-2: Ball 1-2: Foul Ball, location: 2F 1-2: Ball 2-2: Foul Ball, location: 2F 2-2: Foul Ball, location: 2F 2-2: Ball 3-2: Base on Balls Dave Young to second
|
Batting: RHB Francisco Torres
|
0-0: Swinging Strike 0-1: Bunt missed! 0-2: Foul Ball, location: 2F 0-2: Ball 1-2: Ball 2-2: SINGLE (Line Drive, 6M) Dave Young to third Jim Unknown to second Runner from 3rd tries for Home, SAFE, throw made home Jim Unknown to third Francisco Torres to second
|
Batting: SHB José Juárez
|
0-0: Intentional Walk
|
Batting: RHB Austin Henderson
|
0-0: Foul Ball, location: 2F 0-1: Foul Ball, location: 2F 0-2: Ball 1-2: Grounds into fielders choice 4-2 (Groundball, 4) Francisco Torres to third José Juárez to second
|
Batting: RHB Warner Robinson
|
0-0: Ball 1-0: Ball 2-0: Swinging Strike 2-1: Fly out, F9 (Flyball, 9LM) Runner from 3rd tags up, SCORES, no throw
|
Pitching: LHP Joe Morris
|
|
Batting: RHB Phil Baker
|
0-0: Fly out, F2 (Popup, 2LF)
|
Bottom of the 8th over - 2 run(s), 2 hit(s), 0 error(s), 2 left on base; Richland 3 - Casper 7 |
TOP OF THE 9TH |
Richland Rails batting - Pitching for Casper Ghosts : RHP Jim Unknown
|
Pitching: RHP Jim Unknown
|
|
Batting: RHB Andrew Hall
|
0-0: Swinging Strike 0-1: Foul Ball, location: 2F 0-2: Strikes out swinging
|
Batting: LHB Valentín Salas
|
0-0: Fly out, F8 (Flyball, 8LM)
|
Batting: RHB Bernardo Cruz
|
0-0: Called Strike 0-1: Ball 1-1: Foul Ball, location: 2F 1-2: Strikes out swinging
|
Top of the 9th over - 0 run(s), 0 hit(s), 0 error(s), 0 left on base; Richland 3 - Casper 7 |
|